 Dungeon Crawl Stone Soup version 0.31-a0-354-g827e0957a7 (webtiles) character file.

Game seed: 910770341479475207

402 randomguy2701 the Chopper (level 6, 0/55 HPs)
             Began as a Hill Orc Fighter on July 24, 2023.
             Killed from afar by an orc wizard (7 damage)
             ... with a magic dart
             ... on level 5 of the Dungeon.
             The game lasted 00:06:41 (4092 turns).

randomguy2701 the Chopper (Hill Orc Fighter)        Turns: 4092, Time: 00:06:43

Health: 0/55       AC:  7    Str: 23    XL:     6   Next: 85%
Magic:  6/6        EV: 10    Int:  8    God:
Gold:   276        SH:  5    Dex: 12    Spells: 5/5 levels left

rFire   . . .        y - +5 falchion "Goblinbane" {spect, rC+ Str+2 Dex+2}
rCold   + . .        c - +0 buckler
rNeg    . . .        b - +0 scale mail
rPois   .            (no helmet)
rElec   .            (no cloak)
rCorr   +            (no gloves)
SInv    .            (no boots)
Will    .....        (no amulet) Stlth
                     k - ring of resist corrosion
HPRegen 0.29/turn    (no ring)
MPRegen 0.10/turn

%: no passive effects
@: mighty, lethally poisoned (0 -> -6)
A: no striking features
a: no special abilities


You were on level 5 of the Dungeon.
You visited 1 branch of the dungeon, and saw 5 of its levels.

You collected 276 gold pieces.

Inventory:

Hand Weapons
 a - a +0 war axe
 y - the +5 falchion "Goblinbane" (weapon) {spect, rC+ Str+2 Dex+2}
   (You found it on level 5 of the Dungeon)

   Str:       It affects your strength (+2).
   Dex:       It affects your dexterity (+2).
   rC:        It protects you from cold.
Armour
 b - a +0 scale mail (worn)
 c - a +0 buckler (worn)
Jewellery
 k - a ring of resist corrosion (left hand)
 q - an amulet of faith
 v - a ring of magical power
Wands
 r - a wand of polymorph (7)
 w - a wand of light (8)
Scrolls
 f - 4 scrolls of teleportation {unknown}
 g - a scroll of torment {unknown}
 h - 4 scrolls of identify {unknown}
 m - a scroll of silence {unknown}
 n - 2 scrolls of brand weapon {unknown}
 o - a scroll of fog {unknown}
 p - 3 scrolls of enchant weapon {unknown}
 u - a scroll of fear {unknown}
Potions
 d - a potion of might
 e - 2 potions of resistance {unknown}
 i - 4 potions of curing {unknown}
 j - 2 potions of invisibility {unknown}
 l - a potion of enlightenment {unknown}
 s - 3 potions of heal wounds {unknown}
 t - a potion of lignification {unknown}
 x - a potion of attraction {unknown}
 z - a potion of magic {unknown}
 A - a potion of brilliance {unknown}


   Skills:
 + Level 4.9 Fighting
 + Level 6.1 Axes
 + Level 4.8 Armour
 + Level 1.3 Dodging
 + Level 0.4 Stealth
 + Level 4.0 Shields


You had 5 spell levels left.
You didn't know any spells.
Your spell library contained the following spells:

 Spells                   Type           Power      Damage    Failure   Level
 Slow                     Hex            0%         N/A       77%         1
 Sting                    Tmut/Pois      0%         1d3       77%         1
 Sublimation of Blood     Necr           0%         N/A       88%         2
 Wereblood                Tmut           0%         N/A       88%         2
 Confusing Touch          Hex            0%         N/A       98%         3
 Vampiric Draining        Necr           0%         2d6       98%         3
 Animate Dead             Necr           0%         N/A       100%        4
 Borgnjor's Vile Clutch   Necr/Erth      0%         N/A       100%        5
 Death Channel            Necr           0%         N/A       100%        6
 Summon Hydra             Summ           0%         N/A       100%        7


Dungeon Overview and Level Annotations

Branches:
Dungeon (5/15)             Temple (0/1) D:5

Altars:
Hepliaklqana
Kikubaaqudgha
Ru
Sif Muna
Vehumet


Message History

Your +5 falchion "Goblinbane" {spect, rC+ Str+2 Dex+2} hits the orc.
You feel very sick.
The orc hits you with a +1 short sword of venom.
You are more poisoned.
The orc closely misses you.
Something hits your +5 falchion "Goblinbane" {spect, rC+ Str+2 Dex+2} but does no damage.
You feel very mighty all of a sudden.
Your +5 falchion "Goblinbane" {spect, rC+ Str+2 Dex+2} disappears.
You feel very sick. The orc hits you but does no damage.
You are more poisoned.
The orc hits you but does no damage.
You slash the orc!
You kill the orc!
You feel less confused.
You feel extremely sick. You block the orc's attack.
You block something's attack.
You slash the orc!
You kill the orc!
You feel very sick. The black bear bites you.
The black bear claws you but does no damage. x2
Something hits you. The black bear bites you.
* * * LOW HITPOINT WARNING * * *
The black bear claws you.
* * * LOW HITPOINT WARNING * * *
You block the black bear's attack. Something hits you but does no damage.
You slash the black bear!
The black bear is heavily wounded.
Your +5 falchion "Goblinbane" {spect, rC+ Str+2 Dex+2} hits the black bear.
* * * LOW HITPOINT WARNING * * *
You feel very sick.
The black bear goes berserk!
Something hits you but does no damage.
Your +5 falchion "Goblinbane" {spect, rC+ Str+2 Dex+2} disappears.
* * * LOW HITPOINT WARNING * * *
You feel very sick.
You hear some strange, mumbled words.
A magic dart appears from out of thin air!
The magic dart hits you!
You die...

###### ####################
.....# #.........#........#
.....# #.....@h..#..oh....#
.....# ##...##{).##'###...#
##..########...##...##..##..<#
##..##....##...>........#...[#
#.........o#............#....#
#..........'.h..........#....#
+....o.....#.......<....#....#
##..#.....#######...##..##...#
#..##...h>##...##.)(##..######


You could see a black bear (berserk).

Vanquished Creatures
  2 hounds
  An iguana (D:4)
  A sleepcap (D:5)
  An orc wizard (D:3)
  8 adders
  3 ufetubi
  3 worms
  3 dart slugs
  28 orcs
  7 ball pythons
  9 endoplasms
  4 giant cockroaches
  7 goblins
  8 hobgoblins
  7 jackals
  8 quokkas
  13 bats
  3 frilled lizards
  2 goblin zombies (D:4)
  6 kobolds
  8 rats
132 creatures vanquished.

Notes
Turn   | Place    | Note
-------+----------+-------------------------------------------
     0 | D:1      | randomguy2701 the Hill Orc Fighter began the quest for the
                  | Orb.
     0 | D:1      | Reached XP level 1. HP: 19/19 MP: 1/1
    84 | D:1      | Reached XP level 2. HP: 19/27 MP: 2/2
   233 | D:1      | Reached skill level 3 in Axes
   284 | D:1      | Reached XP level 3. HP: 16/33 MP: 3/3
  1070 | D:2      | Reached XP level 4. HP: 40/40 MP: 4/4
  1779 | D:2      | Reached skill level 4 in Axes
  2000 | D:3      | Reached XP level 5. HP: 39/46 MP: 5/5
  2124 | D:3      | You fall into a shaft and drop 2 floors!
  2124 | D:5      | Entered Level 5 of the Dungeon
  2311 | D:4      | Reached skill level 1 in Dodging
  2520 | D:3      | Reached XP level 6. HP: 30/53 MP: 6/6
  2525 | D:3      | Reached skill level 5 in Axes
  2670 | D:3      | Found a sacrificial altar of Ru.
  3115 | D:4      | Found a radiant altar of Vehumet.
  3128 | D:4      | Found an ancient bone altar of Kikubaaqudgha.
  3129 | D:4      | Found a shimmering blue altar of Sif Muna.
  3134 | D:4      | Got Sif Muna's Quarto of Transmogrification
  3631 | D:5      | Found a hazy altar of Hepliaklqana.
  3731 | D:5      | Identified the +5 falchion "Goblinbane" {spect, rC+ Str+2
                  | Dex+2}
  3837 | D:5      | Reached skill level 6 in Axes
  3960 | D:5      | Found a staircase to the Ecumenical Temple.
  3962 | D:5      | Noticed a black bear
  4092 | D:5      | Killed from afar by an orc wizard

Illustrated notes

Levels and vault maps discovered:
D:1:      eino_arrival_water_star, layout_basic
D:2:      layout_basic
D:3:      layout_rooms, lemuel_crystal_altar
D:4:      layout_gridville, grunt_temple_overflow_magic_moments, enter_ossuary_4
D:5:      layout_gridville, mainiacjoe_overflow_brackets,
          minmay_temple_entry_ruins

Skill      XL: |  1  2  3  4  5  6 |
---------------+-------------------+-----
Axes           | 3 4 6 |  6.1
Armour         | 4 |  4.8
Fighting       | 4 |  4.9
Dodging        | 1 |  1.3
Shields        | 4 |  4.0
Stealth        | |  0.4

Action                     |  1- 3 |  4- 6 || total
---------------------------+-------+-------++-------
  Melee: War axe           |   115 |   249 ||   364
         Falchion          |       |    17 ||    17
    Use: Potion            |       |     1 ||     1
 Armour: Scale mail        |    79 |   130 ||   209
  Dodge: Dodged            |    67 |   141 ||   208
  Block: Buckler           |    34 |    53 ||    87

Table legend: (Time is in decaauts)
 A = Elapsed time spent in this place.
 B = Non-inter-level travel time spent in this place.
 C = Inter-level travel time spent in this place.
 D = Time resting spent in this place.
 E = Time spent auto-exploring this place.
 F = Levels seen in this place.
 G = Mean time per level.
                   A        B        C        D        E       F      G
               +--------+--------+--------+--------+--------+-----+--------+
         Total |   4213 |   3995 |    218 |      0 |   3078 |   5 |  842.6 |
       Dungeon |   4213 |   3995 |    218 |      0 |   3078 |   5 |  842.6 |
               +--------+--------+--------+--------+--------+-----+--------+

Top non-repeatable levels by time:
     D:2: 1057 daAuts
     D:4: 1011 daAuts
     D:1: 968 daAuts
     D:3: 685 daAuts
     D:5: 490 daAuts
